[Event "FIDE WCCC Open-08 2024"]
[Site "Montesilvano"]
[Date "2024.11.26"]
[Round "11.44"]
[White "Cronje, Frederick"]
[Black "Khantulga, Tuvshinbayar"]
[Result "0-1"]
[ECO "C51"]
[WhiteElo "1434"]
[BlackElo "1611"]
[Annotator "NA RC"]
[PlyCount "54"]
[EventDate "2024.11.18"]
[EventType "swiss"]
[EventCountry "ITA"]
[SourceTitle "playchess.com"]
[Source "ChessBase"]
[SourceQuality "1"]
[TimeControl "5400+30"]

1. e4 e5 2. Nf3 Nc6 3. Bc4 Bc5 4. b4 Bxb4 5. c3 Be7 6. d4 exd4 7. Qb3 dxc3 8. Bxf7+ Kf8 9. Bxg8 Rxg8 10. Nxc3 g5 11. O-O g4 12. Bh6+ Rg7 13. Bxg7+ Kxg7 14. Nd2 Bd6 15. f4 Bc5+ 16. Kh1 d6 17. Nd5 Nd4 18. Qc3 Kg8 19. Nb3 Ne2 20. Qc4 Qh4 21. Nxc7+ Kh8 22. Qxe2 g3 23. h3 Bxh3 24. Qb2+ Kg8 25. Qg7+ Kxg7 26. Nxc5 Bg4+ 27. Kg1 Qh2# 0-1

[Event "FIDE WCCC Open-08 2024"]
[Site "Montesilvano"]
[Date "2024.11.26"]
[Round "11.45"]
[White "Kakagiannis, Stylianos"]
[Black "Chanishvili, Noa"]
[Result "1/2-1/2"]
[ECO "B13"]
[WhiteElo "1423"]
[BlackElo "1553"]
[Annotator "NA RC"]
[PlyCount "46"]
[EventDate "2024.11.18"]
[EventType "swiss"]
[EventCountry "ITA"]
[SourceTitle "playchess.com"]
[Source "ChessBase"]
[SourceQuality "1"]
[TimeControl "5400+30"]

1. e4 c6 2. d4 d5 3. exd5 cxd5 4. Bd3 Nc6 5. c3 Qc7 6. h3 Nf6 7. Nf3 e6 8. Nbd2 Bd6 9. Nb3 Bd7 10. Be3 h6 11. Rc1 Rc8 12. O-O O-O 13. Qd2 Rfe8 14. Rfe1 Na5 15. Nxa5 Qxa5 16. a3 Bb5 17. Bxb5 Qxb5 18. Rc2 Ne4 19. Qc1 Rc7 20. Bf4 Rc6 21. Bxd6 Nxd6 22. Nd2 Nc4 23. Nxc4 Qxc4 1/2-1/2

[Event "FIDE WCCC Open-08 2024"]
[Site "Montesilvano"]
[Date "2024.11.26"]
[Round "11.46"]
[White "Katsarski, Yan"]
[Black "Xin, Andrew M."]
[Result "1-0"]
[ECO "C02"]
[WhiteElo "1418"]
[BlackElo "1546"]
[Annotator "NA RC"]
[PlyCount "75"]
[EventDate "2024.11.18"]
[EventType "swiss"]
[EventCountry "ITA"]
[SourceTitle "playchess.com"]
[Source "ChessBase"]
[SourceQuality "1"]
[TimeControl "5400+30"]

1. e4 e6 2. d4 d5 3. e5 c5 4. c3 Nc6 5. Nf3 Bd7 6. a3 Nge7 7. b4 cxd4 8. cxd4 a6 9. Bb2 Rc8 10. Nc3 Nf5 11. Be2 Qb6 12. Na4 Qa7 13. Nc5 Bxc5 14. bxc5 b6 15. cxb6 Qxb6 16. Rb1 Rb8 17. Bd3 Qa7 18. Bxf5 exf5 19. O-O Na5 20. Bc3 Nc4 21. Rxb8+ Qxb8 22. Bb4 h5 23. Nd2 Bb5 24. Nxc4 Bxc4 25. Bd6 Qd8 26. Re1 g5 27. g3 g4 28. Qc2 Qg5 29. Rb1 Kd7 30. Rb7+ Kc6 31. Rc7+ Kb6 32. Qb2+ Bb5 33. a4 h4 34. axb5 axb5 35. Qc3 Ra8 36. Qc5+ Ka5 37. Ra7+ Rxa7 38. Qxa7# 1-0

[Event "FIDE WCCC Open-08 2024"]
[Site "Montesilvano"]
[Date "2024.11.26"]
[Round "11.48"]
[White "Senthilkumar, Tharveen"]
[Black "Nguyen Thanh San"]
[Result "1-0"]
[ECO "B23"]
[WhiteElo "1411"]
[BlackElo "1493"]
[Annotator "NA RC"]
[PlyCount "68"]
[EventDate "2024.11.18"]
[EventType "swiss"]
[EventCountry "ITA"]
[SourceTitle "playchess.com"]
[Source "ChessBase"]
[SourceQuality "1"]
[TimeControl "5400+30"]

1. e4 c5 2. Nc3 d6 3. f4 Nc6 4. Nf3 Nf6 5. Bb5 Bd7 6. Bc4 a6 7. a4 Qc7 8. O-O h6 9. Re1 e5 10. f5 Nd4 11. Nd5 Nxd5 12. Bxd5 Bc6 13. Bxc6+ Qxc6 14. Nxd4 cxd4 15. d3 Rc8 16. Re2 Be7 17. b3 Bf6 18. Ra2 Ke7 19. Bd2 Rh7 20. Qb1 Bg5 21. Bxg5+ hxg5 22. Qc1 f6 23. g3 d5 24. Qe1 Rch8 25. c4 dxc3 26. exd5 Qc5+ 27. Re3 c2 28. d4 Qxd4 29. Rxc2 Kd8 30. Qc1 Qb6 31. Kh1 Kd7 32. Rec3 Qd4 33. Rc7+ Kd6 34. R2c6+ Kxd5 1-0

[Event "FIDE WCCC Open-08 2024"]
[Site "Montesilvano"]
[Date "2024.11.26"]
[Round "11.49"]
[White "Reclik, Jakub"]
[Black "Thomas, Robert K"]
[Result "1/2-1/2"]
[ECO "B28"]
[WhiteElo "1458"]
[BlackElo "2166"]
[Annotator "RC"]
[PlyCount "122"]
[EventDate "2024.11.18"]
[EventType "swiss"]
[EventCountry "ITA"]
[SourceTitle "playchess.com"]
[Source "ChessBase"]
[SourceQuality "1"]
[TimeControl "5400+30"]

1. e4 c5 2. Nf3 a6 3. c4 Nc6 4. d4 cxd4 5. Nxd4 Nf6 6. Nc3 g6 7. Be3 Bg7 8. Nxc6 bxc6 9. Be2 d6 10. O-O O-O 11. Qd2 Bg4 12. f3 Be6 13. Rac1 d5 14. cxd5 cxd5 15. exd5 Nxd5 16. Nxd5 Qxd5 17. Qxd5 Bxd5 18. b3 a5 19. Rfd1 Be6 20. Bc4 Bxc4 21. Rxc4 Rfc8 22. Rdc1 Rd8 23. Rc7 e6 24. R1c2 Bd4 25. Bxd4 Rxd4 26. Rc8+ Rxc8 27. Rxc8+ Kg7 28. Rc2 Kf6 29. Kf2 Rh4 30. Kg3 Rd4 31. Rc5 a4 32. bxa4 Rxa4 33. Rc2 Ra3 34. Re2 Ra4 35. Kf2 Ra3 36. g4 Kg5 37. Kg3 h5 38. h4+ Kf6 39. g5+ Kf5 40. Re4 e5 41. Re2 f6 42. gxf6 Kxf6 43. Rf2 Kf5 44. Re2 Ra4 45. Rf2 g5 46. hxg5 Kxg5 47. Kh3 Kf4 48. Kg2 Ke3 49. Kg3 h4+ 50. Kg2 h3+ 51. Kg3 Ra3 52. Rh2 e4 53. fxe4 Kxe4+ 54. Kg4 Kd4 55. Rxh3 Rxh3 56. Kxh3 Kc3 57. Kg4 Kb4 58. Kf4 Ka3 59. Ke4 Kb4 60. Kd3 Ka3 61. Kc2 Kxa2 1/2-1/2

[Event "FIDE WCCC Open-08 2024"]
[Site "Montesilvano"]
[Date "2024.11.26"]
[Round "11.52"]
[White "Hakobyan, Sos"]
[Black "Kuncoro, Harvey"]
[Result "1-0"]
[ECO "E30"]
[WhiteElo "1806"]
[BlackElo "1432"]
[Annotator "NA RC"]
[PlyCount "113"]
[EventDate "2024.11.18"]
[EventType "swiss"]
[EventCountry "ITA"]
[SourceTitle "playchess.com"]
[Source "ChessBase"]
[SourceQuality "1"]
[TimeControl "5400+30"]

1. d4 Nf6 2. c4 e6 3. Nc3 Bb4 4. Bg5 c5 5. Nf3 Qa5 6. Bd2 Qd8 7. a3 Bxc3 8. Bxc3 d5 9. e3 b6 10. Bd3 Ba6 11. Ne5 O-O 12. O-O dxc4 13. Bxc4 b5 14. Bd3 c4 15. Bc2 Bb7 16. a4 Qd5 17. f3 a6 18. Qd2 Nbd7 19. e4 Qd6 20. Bb4 Qc7 21. Nxd7 Qxd7 22. Bxf8 Rxf8 23. axb5 axb5 24. Rfd1 Qe7 25. Qa5 b4 26. b3 c3 27. Ra4 e5 28. d5 Qd6 29. Qxb4 Qxb4 30. Rxb4 Ba6 31. Bd3 Bxd3 32. Rxd3 c2 33. Rc3 Nxd5 34. exd5 f5 35. Rxc2 Ra8 36. Kf2 g5 37. Rb7 h5 38. Re7 e4 39. fxe4 fxe4 40. Rxe4 Rf8+ 41. Ke2 Rf5 42. Rc7 g4 43. Re8+ Rf8 44. Rxf8+ Kxf8 45. d6 Ke8 46. Rh7 g3 47. hxg3 Kd8 48. d7 Kc7 49. d8=Q+ Kxd8 50. Ke3 Ke8 51. Ke4 Kf8 52. Kf5 Kg8 53. Rb7 h4 54. Kf6 hxg3 55. Ra7 Kh8 56. Kg6 Kg8 57. Ra8# 1-0